 Dungeon Crawl Stone Soup version 0.31-a0-844-gdc52ec4e09 (webtiles) character file.

Game seed: 470752869865025196

380 miscthings the Gusty (level 6, -3/44 HPs)
             Began as a Gnoll Wanderer on Sept 29, 2023.
             Killed from afar by an orc wizard (9 damage)
             ... with a puff of flame
             ... on level 4 of the Dungeon.
             The game lasted 00:06:30 (1659 turns).

miscthings the Gusty (Gnoll Wanderer)               Turns: 1659, Time: 00:06:31

Health: -3/44      AC:  3    Str: 10    XL:     6   Next: 75%
Magic:  15/20      EV: 12    Int: 12    God:
Gold:   192        SH:  5    Dex: 14    Spells: 8/12 levels left

rFire   . . .        u - +3 short sword
rCold   . . .        d - +0 buckler
rNeg    . . .        c - +0 robe
rPois   .            (no helmet)
rElec   .            p - +0 cloak
rCorr   .            (no gloves)
SInv    .            (no boots)
Will    .....        (no amulet)
Stlth   +++          l - ring of magical power
HPRegen 0.27/turn    m - ring of flight
MPRegen 0.17/turn

%: no passive effects
@: flying, very slightly contaminated
A: fangs 1, strong nose, distributed training
a: no special abilities


You were on level 4 of the Dungeon.
You visited 1 branch of the dungeon, and saw 5 of its levels.

You collected 192 gold pieces.

Inventory:

Hand Weapons
 u - a +3 short sword (weapon)
Armour
 c - a +0 robe (worn)
 d - a +0 buckler (worn)
 p - a +0 cloak (worn)
Jewellery
 l - a ring of magical power (left hand)
 m - a ring of flight (right hand)
Scrolls
 b - 4 scrolls of identify {unknown}
 e - 2 scrolls of teleportation {unknown}
 i - a scroll of amnesia {unknown}
 j - a scroll of blinking {unknown}
 k - a scroll of immolation {unknown}
 n - a scroll of revelation
 q - a scroll of poison {unknown}
Potions
 a - a potion of berserk rage {unknown}
 f - a potion of degeneration {unknown}
 g - a potion of lignification {unknown}
 h - a potion of curing
 o - a potion of haste
 r - 2 potions of heal wounds {unknown}
 s - a potion of enlightenment {unknown}
 t - a potion of cancellation {unknown}


   Skills:
 + Level 2.1 Fighting
 + Level 2.1 Short Blades
 + Level 2.1 Long Blades
 + Level 2.1 Axes
 + Level 2.1 Maces & Flails
 + Level 2.1 Polearms
 + Level 2.1 Staves
 + Level 2.1 Ranged Weapons
 + Level 2.1 Throwing
 + Level 2.1 Armour
 + Level 2.1 Dodging
 + Level 4.7 Stealth
 + Level 5.0 Shields
 + Level 2.1 Unarmed Combat
 + Level 3.5 Spellcasting
 + Level 1.7 Conjurations
 + Level 1.7 Hexes
 + Level 1.7 Summonings
 + Level 1.7 Necromancy
 + Level 1.7 Translocations
 + Level 1.7 Transmutations
 + Level 1.7 Fire Magic
 + Level 1.7 Ice Magic
 + Level 5.7 Air Magic
 + Level 1.7 Earth Magic
 + Level 4.2 Poison Magic
 + Level 2.3 Invocations
 + Level 2.1 Evocations
 + Level 1.9 Shapeshifting


You had 8 spell levels left.
You knew the following spells:

 Your Spells              Type           Power      Damage    Failure   Level
a - Sting                 Tmut/Pois      36%        1d4       10%         1
b - Swiftness             Air            15%        N/A       10%         3

Your spell library contained the following spells:

 Spells                   Type           Power      Damage    Failure   Level
 Shock                    Conj/Air       44%        1d5       7%          1
 Blink                    Tloc           12%        N/A       24%         2
 Lesser Beckoning         Tloc           12%        N/A       24%         2
 Momentum Strike          Conj/Tloc      12%        3d8       24%         2
 Ignite Poison            Fire/Tmut/Pois 8%         N/A       34%         3
 Vhi's Electric Charge    Tloc/Air       22%        N/A       56%         4


Dungeon Overview and Level Annotations

Branches:
Dungeon (5/15)
 Temple: D:4-7

Altars:
Hepliaklqana
Nemelex Xobeh
Sif Muna


Innate Abilities, Weirdness & Mutations

You have very sharp teeth.
Your uncanny sense of smell can sniff out nearby items.
Your experience applies equally to all skills.


Message History

Aiming: Sting (safe; 10% risk of failure)
Press: ? - help, Shift-Dir - straight line, f/p - killer bee
Aim: a killer bee (moderately wounded, poisoned, 39% to hit)
The sting hits the killer bee but does no damage.
The killer bee looks even sicker.
The killer bee is moderately wounded.
The killer bee stings you. You block the killer bee's attack.
Casting: Sting (safe; 10% risk of failure)
Confirm with . or Enter, or press ? or * to list all spells.
Aiming: Sting (safe; 10% risk of failure)
Press: ? - help, Shift-Dir - straight line, f/p - killer bee
Aim: a killer bee (moderately wounded, very poisoned, 39% to hit)
The sting hits the killer bee.
The killer bee looks even sicker.
The killer bee is severely wounded.
The killer bee stings you!
* * * LOW HITPOINT WARNING * * *
You kill the killer bee!
Things that are here:
3 poisoned darts; a hobgoblin corpse The orc wizard points at you and mumbles some strange words.
The magic dart hits you.
* * * LOW HITPOINT WARNING * * *
Things that are here:
a killer bee corpse; a killer bee corpse
Casting: Sting (safe; 10% risk of failure)
Confirm with . or Enter, or press ? or * to list all spells.
You can't see any susceptible monsters within range! (Use Z to cast anyway.) Unknown command.
Things that are here:
3 poisoned darts; a hobgoblin corpse
Casting: Sting (safe; 10% risk of failure)
Confirm with . or Enter, or press ? or * to list all spells.
Aiming: Sting (safe; 10% risk of failure)
Press: ? - help, Shift-Dir - straight line, f - orc wizard
Aim: an orc wizard, wielding a +0 dagger and wearing a +0 robe (60% to hit)
The sting misses the orc wizard.
You feel yourself slow down. The orc wizard casts a spell at you.
The puff of flame hits you!
You die...

#...# #)# #.# #.#.# #...#
#<###.# #.#.#
#...######†##._# #.#.#
####...........######.#.#
#.......#####........#
#.......# #.###.####
#.......# #...#.#
#.......#########.#
#########.o†.@†...#
#####o#########
#.....o..# #...o:...#
#...ooo..# #........#
#........# #...?...^#
#........#


You could see an orc wizard and an orc.

Vanquished Creatures
  A scorpion (D:4)
  4 killer bees (D:4)
  An orc wizard (D:4)
  4 adders
  A worm (D:3)
  A dart slug (D:1)
  4 orcs (D:4)
  2 endoplasms
  4 giant cockroaches
  4 goblins
  4 hobgoblins
  11 jackals
  3 quokkas (D:1)
  15 ball pythons
  3 bats
  10 kobolds
  5 rats
77 creatures vanquished.

Notes
Turn   | Place    | Note
-------+----------+-------------------------------------------
     0 | D:1      | miscthings the Gnoll Wanderer began the quest for the Orb.
     0 | D:1      | miscthings set off with the following items: a +0 dagger, a
                  | potion of invisibility, a +0 robe, a +0 buckler; and the
                  | following spells available to memorise: Shock, Swiftness,
                  | Sting, Ignite Poison, Vhi's Electric Charge.
     0 | D:1      | Reached XP level 1. HP: 13/13 MP: 4/4
     2 | D:1      | Learned a level 1 spell: Sting
   110 | D:1      | Reached XP level 2. HP: 15/19 MP: 0/5
   256 | D:1      | Reached XP level 3. HP: 22/25 MP: 1/7
   529 | D:2      | Reached skill level 1 in Invocations
   588 | D:2      | Reached skill level 1 in Fighting
   588 | D:2      | Reached skill level 1 in Short Blades
   588 | D:2      | Reached skill level 1 in Long Blades
   588 | D:2      | Reached skill level 1 in Axes
   588 | D:2      | Reached skill level 1 in Maces & Flails
   588 | D:2      | Reached skill level 1 in Polearms
   588 | D:2      | Reached skill level 1 in Staves
   588 | D:2      | Reached skill level 1 in Ranged Weapons
   588 | D:2      | Reached skill level 1 in Throwing
   588 | D:2      | Reached skill level 1 in Armour
   588 | D:2      | Reached skill level 1 in Dodging
   588 | D:2      | Reached skill level 1 in Unarmed Combat
   588 | D:2      | Reached skill level 1 in Evocations
   681 | D:2      | Reached XP level 4. HP: 29/32 MP: 6/8
   727 | D:2      | Reached skill level 1 in Shapeshifting
   811 | D:2      | Learned a level 3 spell: Swiftness
  1298 | D:4      | Noticed a scorpion
  1301 | D:4      | Killed a scorpion
  1302 | D:4      | Reached skill level 1 in Conjurations
  1302 | D:4      | Reached skill level 1 in Hexes
  1302 | D:4      | Reached skill level 1 in Summonings
  1302 | D:4      | Reached skill level 1 in Necromancy
  1302 | D:4      | Reached skill level 1 in Translocations
  1302 | D:4      | Reached skill level 1 in Transmutations
  1302 | D:4      | Reached skill level 1 in Fire Magic
  1302 | D:4      | Reached skill level 1 in Ice Magic
  1302 | D:4      | Reached skill level 1 in Earth Magic
  1302 | D:4      | Reached XP level 5. HP: 34/37 MP: 9/9
  1321 | D:4      | Found a sparkling altar of Nemelex Xobeh.
  1373 | D:5      | Entered Level 5 of the Dungeon
  1374 | D:5      | Found a hazy altar of Hepliaklqana.
  1401 | D:5      | Found a shimmering blue altar of Sif Muna.
  1517 | D:4      | Reached XP level 6. HP: 21/44 MP: 11/11
  1620 | D:4      | Reached skill level 5 in Shields
  1659 | D:4      | Killed from afar by an orc wizard

Illustrated notes

Levels and vault maps discovered:
D:1:      heliophobic_arrival_dark_side_of_the_moon, layout_rooms,
          nrook_mini_backslash
D:2:      layout_rooms
D:3:      layout_rooms
D:4:      layout_basic, overflow_temple_1_default, minmay_temple_entry_poolview,
          uniq_edmund, uniq_robin, uniq_eustachio
D:5:      minmay_octagon_keep, layout_cave_pools, mainiacjoe_overflow_boulevard,
          nzn_hepliaklqana_mist_gate, nicolae_wu_jian_glorious_leap,
          uniq_menkaure

Skill      XL: |  1  2  3  4  5  6 |
---------------+-------------------+-----
Invocations    | 1 2 |  2.3
Fighting       | 1 2 |  2.1
Short Blades   | 1 2 |  2.1
Long Blades    | 1 2 |  2.1
Axes           | 1 2 |  2.1
Maces & Flails | 1 2 |  2.1
Polearms       | 1 2 |  2.1
Staves         | 1 2 |  2.1
Ranged Weapons | 1 2 |  2.1
Throwing       | 1 2 |  2.1
Armour         | 1 2 |  2.1
Dodging        | 1 2 |  2.1
Unarmed Combat | 1 2 |  2.1
Evocations     | 1 2 |  2.1
Shapeshifting  | 1 |  1.9
Spellcasting   | 3 |  3.5
Conjurations   | 1 |  1.7
Hexes          | 1 |  1.7
Summonings     | 1 |  1.7
Necromancy     | 1 |  1.7
Translocations | 1 |  1.7
Transmutations | 1 |  1.7
Fire Magic     | 1 |  1.7
Ice Magic      | 1 |  1.7
Earth Magic    | 1 |  1.7
Poison Magic   | 4 |  4.2
Shields        | 5 |  5.0
Stealth        | |  4.7
Air Magic      | |  5.7

Action                     |  1- 3 |  4- 6 || total
---------------------------+-------+-------++-------
  Melee: Dagger            |    95 |    45 ||   140
         Bite              |     6 |     8 ||    14
         Short sword       |       |    17 ||    17
   Cast: Sting             |    34 |    69 ||   103
    Use: Potion            |     1 |     2 ||     3
         Scroll            |       |     2 ||     2
   Stab: Invisible         |     1 |       ||     1
         Sleeping          |     9 |     1 ||    10
 Armour: Robe              |    43 |    53 ||    96
  Dodge: Dodged            |    56 |    62 ||   118
  Block: Buckler           |    24 |    22 ||    46

Table legend: (Time is in decaauts)
 A = Elapsed time spent in this place.
 B = Non-inter-level travel time spent in this place.
 C = Inter-level travel time spent in this place.
 D = Time resting spent in this place.
 E = Time spent auto-exploring this place.
 F = Levels seen in this place.
 G = Mean time per level.
                   A        B        C        D        E       F      G
               +--------+--------+--------+--------+--------+-----+--------+
         Total |   1642 |   1560 |     82 |      0 |    912 |   5 |  328.4 |
       Dungeon |   1642 |   1560 |     82 |      0 |    912 |   5 |  328.4 |
               +--------+--------+--------+--------+--------+-----+--------+

Top non-repeatable levels by time:
     D:2: 624 daAuts
     D:1: 498 daAuts
     D:4: 311 daAuts
     D:3: 176 daAuts
     D:5: 31 daAuts
